 Dungeon Crawl Stone Soup version 0.27.0-1-g7a089689b8 (webtiles) character file.

Game seed: 1292641625412460205

34 sanka the Caller (level 3, 0/26 HPs)
             Began as a Demigod Summoner on Aug 1, 2021.
             Slain by a water moccasin (8 damage)
             ... on level 3 of the Dungeon.
             The game lasted 00:03:01 (2832 turns).

sanka the Caller (Demigod Summoner)                 Turns: 2832, Time: 00:03:01

Health: 0/26       AC:  2    Str:  9    XL:     3   Next: 1%
Magic:  1/8        EV: 12    Int: 21    God:
Gold:   58         SH:  0    Dex: 14    Spells: 3/6 levels left

rFire    . . .     SeeInvis .   g - +0 mace
rCold    . . .     Faith    .   (no shield)
rNeg     . . .     Spirit   .   a - +0 robe
rPois    .         Reflect  .   (no helmet)
rElec    .         Harm     .   (no cloak)
rCorr    .         Rampage  .   (no gloves)
Will     .....                  (no boots)
Stlth    ++........             (no amulet)
HPRegen  0.08/turn              (no ring)
MPRegen  0.11/turn              (no ring)

@: no status effects
A: high mp 1, forlorn
a: no special abilities


You were on level 3 of the Dungeon.
You visited 1 branch of the dungeon, and saw 3 of its levels.

You collected 58 gold pieces.


Innate Abilities, Weirdness & Mutations

Your attributes grow dramatically as you level up.
You have an increased reservoir of magic. (+10% MP)
You shall have no god before yourself.


   Skills:
 - Level 1.7 Dodging
 - Level 1.7 Stealth
 - Level 2.0 Spellcasting
 + Level 4.5 Summonings


You had 3 spell levels left.
You knew the following spells:

 Your Spells              Type           Power      Damage    Failure   Level
x - Call Imp              Summ           21%        N/A       3%          2
z - Summon Small Mammal   Summ           84%        N/A       2%          1

Your spell library contained the following spells:

 Spells                   Type           Power      Damage    Failure   Level
 Call Canine Familiar     Summ           21%        N/A       7%          3
 Summon Guardian Golem    Hex/Summ       11%        N/A       17%         3
 Summon Lightning Spire   Summ/Air       11%        N/A       50%         4

Inventory:

Hand Weapons
 b - a +0 dagger
 c - a +0 whip
 f - a +0 short sword
 g - a +0 mace (weapon)
Armour
 a - a +0 robe (worn)
Scrolls
 d - a scroll of acquirement {unknown}
 h - 2 scrolls of identify {unknown}
 i - a scroll of amnesia {unknown}
 k - a scroll of summoning {unknown}
Potions
 e - a potion of flight {unknown}

Dungeon Overview and Level Annotations

Branches:
Dungeon (3/15)

▒▒▒ ..▒ ▒.▒ ▒.▒ ▒.▒
▒▒▒▒▒▒▒.▒▒▒▒▒▒▒▒▒▒
.......#.5.g.Sp..▒
.▒▒▒▒▒▒▒▒.▒▒▒▒▒▒▒▒.▒▒▒
..........▒ ▒.....▒
...▒▒...▒5▒▒▒▒▒▒.▒▒▒.▒▒▒▒▒
...>.5▒...▒..<...▒ ▒.....▒
....▒...▒.▒.▒▒▒▒.▒▒▒.▒▒▒.▒
... ..5▒▒... ▒.....▒ ▒.▒
▒▒ .▒.. ..... ▒▒..▒▒▒ ▒.▒
..▒.. ...(..▒ ▒.▒▒ ▒.▒


You could see a water moccasin (ally target), a hobgoblin and a friendly crimson
imp (summoned).


Message History

Unknown command.
Unknown command.
You feel sick. The water moccasin bites your iron imp.
Your iron imp hits the water moccasin!
The water moccasin bites your iron imp. The hobgoblin hits your shadow imp.
Your shadow imp dies!
A beastly little devil appears in a puff of flame.
You feel sick. The water moccasin bites your iron imp!
Your iron imp dies!
Unknown command.
You feel sick.
You feel sick.
You feel sick.
You feel sick. The water moccasin closely misses you.
You feel sick.
You are no longer poisoned.
The water moccasin bites you!
* * * LOW HITPOINT WARNING * * *
Unknown command.
Your crimson imp hits the hobgoblin.
It was a potion of curing.
The water moccasin misses you. The water moccasin bites you!
* * * LOW HITPOINT WARNING * * *
The water moccasin bites you!
You die...

Action                   || total
-------------------------++-------
Melee: Whip              ||    14
       Mace              ||    60
       Unarmed           ||     5
 Cast: Summon Small Mamm ||    28
       Call Imp          ||     9
  Use: Potion            ||     2
 Stab: Sleeping          ||     2
Armor: Robe              ||    10
Dodge: Dodged            ||    69

Levels and vault maps discovered:
D:1:      dpeg_arrival_round_c, layout_basic,
          hellmonk_ecumenical_altar_inner_sanctum
D:2:      layout_basic, skrybe_limestone_x
D:3:      layout_loops_ring, uniq_natasha

Notes
Turn   | Place    | Note
-------+----------+-------------------------------------------
     0 | D:1      | sanka the Demigod Summoner began the quest for the Orb.
     0 | D:1      | Reached XP level 1. HP: 14/14 MP: 5/5
   550 | D:1      | Reached skill level 2 in Spellcasting
   833 | D:1      | Reached skill level 4 in Summonings
  1146 | D:1      | Reached XP level 2. HP: 20/20 MP: 4/7
  1179 | D:1      | Learned a level 2 spell: Call Imp
  2514 | D:2      | Reached XP level 3. HP: 26/26 MP: 8/8
  2814 | D:3      | Noticed a water moccasin
  2829 | D:3      | HP: 1/26 [water moccasin (7)]
  2832 | D:3      | Slain by a water moccasin

Vanquished Creatures
  A ball python (D:1)
  2 bats (D:2)
  An endoplasm (D:1)
  A giant cockroach (D:2)
  2 goblins
  2 hobgoblins
  3 kobolds
  A quokka (D:2)
  3 frilled lizards
  3 rats
19 creatures vanquished.

Vanquished Creatures (collateral kills)
  An adder (D:2)
  An endoplasm (D:1)
  2 goblins (D:1)
  2 hobgoblins (D:1)
  2 kobolds
  A quokka (D:2)
  2 ball pythons (D:1)
  A rat (D:1)
12 creatures vanquished.

Grand Total: 31 creatures vanquished
